 Dungeon Crawl Stone Soup version 0.29.1-2-gbd0b4ee654 (webtiles) character file.

Game seed: 11914227335014900784

3198 safid the Skirmisher (level 9, 0/121 HPs)
             Began as a Minotaur Hunter on Nov 16, 2022.
             Slain by a gnoll
             ... wielding a +0 halberd
              (3 damage)
             ... in a bailey.
             The game lasted 00:15:45 (8029 turns).

safid the Skirmisher (Minotaur Hunter)              Turns: 8029, Time: 00:15:46

Health: 0/121      AC: 28    Str: 19    XL:     9   Next: 64%
Magic:  8/8        EV:  2    Int:  6    God:
Gold:   372        SH:  0    Dex: 18    Spells: 8/8 levels left

rFire   . . .      SeeInvis +   a - +0 shortbow
rCold   . . .      Faith    .   (shield currently unavailable)
rNeg    . . .      Spirit   .   (body armour currently unavailable)
rPois   +          Reflect  .   (helmet currently unavailable)
rElec   .          Harm     .   (cloak currently unavailable)
rCorr   +          Rampage  .   (gloves currently unavailable)
Will    .....      NoTele   +   (boots currently unavailable)
Stlth   +++.......              (no amulet)
HPRegen 0.30/turn               j - ring "Jet Tann" {rPois rCorr Str+3 SInv Stlth+}
MPRegen 0.11/turn               p - +4 ring of protection

@: tree-form
A: stationary, stasis, torment immunity, boosted hp, (horns 2), (retaliatory
headbutt)
a: no special abilities


You were in a bailey.
You were a tree.
You visited 1 branch of the dungeon, and saw 7 of its levels.
You also visited: Bailey.

You collected 372 gold pieces.

Inventory:

Hand Weapons
 a - a +0 shortbow (weapon)
Missiles
 A - 4 throwing nets
Armour
 c - a +0 leather armour (melded)
 g - a +0 cloak (melded)
Jewellery
 e - a ring of willpower
 j - the ring "Jet Tann" (left branch) {rPois rCorr Str+3 SInv Stlth+}
   (You acquired it on level 5 of the Dungeon)

   [ring of resist corrosion]

   Str:       It affects your strength (+3).
   rPois:     It protects you from poison.
   SInv:      It lets you see invisible.
   rCorr:     It protects you from acid and corrosion.
   Stlth:     It makes you more stealthy.
 m - the ring of Urekiabb {Will+ MP+9}
   (You found it on level 2 of the Dungeon)

   [ring of magical power]

   MP:        It affects your magic capacity (+9).
   Will:      It increases your willpower.
 p - a +4 ring of protection (right branch)
 r - an amulet of faith
 w - an amulet of guardian spirit
 y - a ring of fire
Scrolls
 b - a scroll of immolation
 d - 5 scrolls of fear
 h - 2 scrolls of enchant weapon
 n - 2 scrolls of magic mapping
 o - 2 scrolls of teleportation
 q - a scroll of blinking
 s - a scroll of silence
 u - a scroll of identify
 v - a scroll of noise {unknown}
 z - a scroll of torment {unknown}
Potions
 f - 3 potions of curing
 i - 2 potions of haste
 l - 3 potions of might
 t - a potion of mutation {unknown}
 x - a potion of cancellation {unknown}


   Skills:
 - Level 8.0 Fighting
 + Level 13.7 Ranged Weapons
 - Level 2.1 Dodging
 - Level 0.7 Stealth


You had 8 spell levels left.
You didn't know any spells.
Your spell library contained the following spells:

 Spells                   Type           Power      Damage    Failure   Level
 Sandblast                Erth           0%         2d4       45%         1
 Sting                    Tmut/Pois      0%         1d3       45%         1
 Passwall                 Tmut/Erth      0%         N/A       58%         2
 Poisonous Vapours        Pois/Air       0%         N/A       58%         2
 Portal Projectile        Hex/Tloc       0%         N/A       83%         3
 Stone Arrow              Conj/Erth      0%         3d7       83%         3
 Tukima's Dance           Hex            0%         N/A       83%         3
 Olgreb's Toxic Radiance  Pois           0%         N/A       99%         4
 Blade Hands              Tmut           0%         N/A       100%        5


Dungeon Overview and Level Annotations

Branches:
Dungeon (7/15)             Bailey (1/1)
 Temple: D:4-7

Altars:
Dithmenos
Hepliaklqana
Xom
Zin

Shops:
D:3 (   D:5 :

Annotations:
D:3 1 runed translucent door, Crazy Yiuf


Innate Abilities, Weirdness & Mutations

You are a tree.
Your roots penetrate the ground, keeping you stationary.
You cannot be teleported.
You are immune to unholy pain and torment.
Your maximum health is greatly increased.
Your equipment is partially melded.
((You have a pair of horns on your head.))
((You reflexively headbutt those who attack you in melee.))


Message History

You are too injured to fight recklessly!
You are too injured to fight recklessly!
You are too injured to fight recklessly!
You are too injured to fight recklessly!
You are too injured to fight recklessly!
You are too injured to fight recklessly!
Fire: a) +0 shortbow
Press: ? - help, Q - select action, (/) - cycle Shift-Dir - straight line, f/p - gnoll sergeant
Aim: a gnoll sergeant, wielding a +0 halberd and wearing a +0 chain mail (almost dead, 79% to hit)
You shoot an arrow.
The arrow hits the gnoll sergeant but does no damage.
The gnoll sergeant is almost dead.
The gnoll hits you from afar with a +0 halberd!
The gnoll sergeant barely misses you.
Fire: a) +0 shortbow
Press: ? - help, Q - select action, (/) - cycle Shift-Dir - straight line, f/p - gnoll sergeant
Aim: a gnoll sergeant, wielding a +0 halberd and wearing a +0 chain mail (almost dead, 79% to hit)
You shoot an arrow.
The arrow completely misses the gnoll sergeant.
The arrow hits the gnoll but does no damage.
The gnoll hits you from afar with a +0 halberd!
* * * LOW HITPOINT WARNING * * *
The gnoll sergeant hits you with a +0 halberd!
* * * LOW HITPOINT WARNING * * *
Fire: a) +0 shortbow
Press: ? - help, Q - select action, (/) - cycle Shift-Dir - straight line, f/p - gnoll sergeant
Aim: a gnoll sergeant, wielding a +0 halberd and wearing a +0 chain mail (almost dead, 79% to hit)
You shoot an arrow.
The arrow barely misses the gnoll sergeant.
The arrow hits the gnoll!
The gnoll is severely wounded.
The gnoll hits you from afar with a +0 halberd.
* * * LOW HITPOINT WARNING * * *
The gnoll sergeant barely misses you.
Really quaff the potion of lignification?
You turn into a tree.
Your +0 cloak melds into your body.
Your +0 leather armour melds into your body.
Your roots penetrate the ground.
The gnoll hits you from afar with a +0 halberd.
You die...

..≈≈♣♣ #..≈.♣
#..≈.♣♣ #..≈..♣♣ ##
#..≈...♣ .##
#..≈...♣
..######..≈...♣♣
(.)#...'...)..)♣♣♣#
..[')))'.....)gg♣∩#
...#.))'.......♣♣♣#
..######..≈...♣♣
.## #..≈..♣♣ ##
#..≈..♣ #..≈..♣
#..≈.♣♣ #..≈.♣
#...≈≈♣♣


You could see a gnoll sergeant and a gnoll.

Vanquished Creatures
  Sigmund (D:2)
  A steam dragon (D:6)
  3 water moccasins
  2 ice beasts
  2 black bears
  2 sky beasts (D:7)
  5 wolves (Bailey)
  A centaur (D:6)
  2 ogres
  5 gnoll sergeants (Bailey)
  A necrophage (D:6)
  5 wights (D:6)
  A howler monkey (D:6)
  6 hounds
  A jelly (D:5)
  5 gnoll boudas (Bailey)
  An iguana (D:5)
  An orc wizard (D:5)
  18 gnolls
  3 adders
  2 white imps
  2 worms
  2 dart slugs
  10 orcs
  4 bats
  9 endoplasms
  8 giant cockroaches
  4 goblins
  9 hobgoblins
  12 jackals
  4 quokkas
  7 ball pythons
  4 frilled lizards
  A kobold (D:1)
  2 rats
146 creatures vanquished.

Notes
Turn   | Place    | Note
-------+----------+-------------------------------------------
     0 | D:1      | safid the Minotaur Hunter began the quest for the Orb.
     0 | D:1      | Reached XP level 1. HP: 18/18 MP: 0/0
    86 | D:1      | Reached XP level 2. HP: 25/25 MP: 1/1
   599 | D:1      | Reached skill level 5 in Ranged Weapons
   601 | D:1      | Reached XP level 3. HP: 31/31 MP: 2/2
   694 | D:2      | Found a shimmering altar of Xom.
   949 | D:2      | Found a faded altar of an unknown god.
   949 | D:2      | Noticed Sigmund
  2062 | D:2      | Killed Sigmund
  2063 | D:2      | Reached skill level 5 in Fighting
  2063 | D:2      | Reached skill level 6 in Ranged Weapons
  2063 | D:2      | Reached XP level 4. HP: 35/42 MP: 3/3
  2063 | D:2      | Reached XP level 5. HP: 40/48 MP: 4/4
  2163 | D:2      | Identified the ring of Urekiabb {Will+ MP+9}
  2497 | D:3      | Found Mikedus's Weapon Shoppe.
  2718 | D:3      | Found a runed translucent door.
  2719 | D:3      | Noticed Crazy Yiuf
  2794 | D:3      | Found a glowing silver altar of Zin.
  3019 | D:3      | Found a shadowy altar of Dithmenos.
  3411 | D:4      | Reached XP level 6. HP: 52/56 MP: 5/5
  3806 | D:4      | Found a hazy altar of Hepliaklqana.
  3948 | D:5      | Entered Level 5 of the Dungeon
  3987 | D:5      | Noticed a water moccasin
  3995 | D:5      | Killed a water moccasin
  4052 | D:5      | Reached skill level 7 in Ranged Weapons
  4060 | D:5      | Reached XP level 7. HP: 53/64 MP: 6/6
  4555 | D:5      | Found Puggut's Book Shop.
  4719 | D:5      | Reached skill level 8 in Ranged Weapons
  5093 | D:5      | Identified a scroll of acquirement
  5095 | D:5      | Acquired the ring "Jet Tann" {rPois rCorr Str+3 SInv
                  | Stlth+}
  5279 | D:6      | Reached XP level 8. HP: 74/74 MP: 7/7
  5331 | D:6      | Reached skill level 9 in Ranged Weapons
  5575 | D:6      | Reached skill level 10 in Ranged Weapons
  5768 | D:6      | Reached skill level 11 in Ranged Weapons
  6176 | D:7      | Reached XP level 9. HP: 70/81 MP: 8/8
  6182 | D:7      | Found a flagged portal.
  6220 | Bailey   | Entered a bailey
  6229 | Bailey   | Reached skill level 12 in Ranged Weapons
  7402 | Bailey   | Reached skill level 13 in Ranged Weapons
  8028 | Bailey   | HP: 2/81 [gnoll/+0 halberd (6)]
  8029 | Bailey   | Slain by a gnoll

Illustrated notes

Levels and vault maps discovered:
D:1:      scummos_arrival_simple_fountains, layout_rooms, minmay_heptomino_d4
D:2:      layout_basic, basic_altar, basic_ecumenical_altar, nrook_mini_vaults,
          uniq_sigmund
D:3:      layout_basic, mainiacjoe_overflow_cross_hatched, zin_statuary,
          serial_shops, nicolae_shop_bloodbath_and_beyond,
          uniq_crazy_yiuf_cottage
D:4:      layout_loops_cross, mainiacjoe_overflow_paths
D:5:      layout_loops_ring, serial_shops, nicolae_shop_trees
D:6:      layout_basic
D:7:      minmay_angry_zag, layout_gridville, minmay_temple_entry_fiery,
          enter_bailey_4
Bailey:   bailey_polearm_gnolls_kennysheep, bailey

Skill      XL: |  1  2  3  4  5  6  7  8  9 |
---------------+----------------------------+-----
Fighting       | 3 5 6 8 |  8.0
Ranged Weapons | 5 6 7 8 11 13 | 13.7
Dodging        | |  2.1
Stealth        | |  0.7

Action                   |  1- 3 |  4- 6 |  7- 9 || total
-------------------------+-------+-------+-------++-------
Melee: Shortbow          |       |     2 |       ||     2
 Fire: Shortbow          |   155 |    94 |   472 ||   721
  Use: Scroll            |       |       |    12 ||    12
       Potion            |       |       |     7 ||     7
Armor: Leather armour    |    19 |    22 |    73 ||   114
       Skin              |       |       |    23 ||    23
Dodge: Dodged            |    55 |    27 |   179 ||   261
